 Dungeon Crawl Stone Soup version 0.28.0-45-g0d030f2227 (webtiles) character file.

Game seed: 5097418531810115467

47 101zpm the Magician (level 3, -1/25 HPs)
             Began as a Djinni Ice Elementalist on Apr 11, 2022.
             Slain by a gnoll
             ... wielding a +0 club
              (5 damage)
             ... on level 2 of the Dungeon.
             The game lasted 00:01:30 (527 turns).

101zpm the Magician (Djinni Ice Elementalist)        Turns: 527, Time: 00:01:31

Health: -1/25      AC:  2    Str:  7    XL:     3   Next: 97%
Gold:   16         EV: 12    Int: 18    God:
                   SH:  0    Dex: 13

rFire   + + .      SeeInvis .   (no weapon)
rCold   x . .      Faith    .   (no shield)
rNeg    . . .      Spirit   .   a - +0 robe
rPois   ∞          Reflect  .   (no helmet)
rElec   .          Harm     .   (no cloak)
rCorr   .          Rampage  .   (no gloves)
Will    .....                   (boots unavailable)
Stlth   ++........              (no amulet)
HPRegen 0.08/turn               (no ring)
MPRegen 0.00/turn               (no ring)

@: flying, very slightly contaminated
A: sickness immunity, fire resistance 2, cold vulnerability 1, float, innate
caster, HP casting, extra vitality 1
a: no special abilities


You were on level 2 of the Dungeon.
You visited 1 branch of the dungeon, and saw 2 of its levels.

You collected 16 gold pieces.

Inventory:

Armour
 a - a +0 robe (worn)
Scrolls
 d - a scroll of summoning {unknown}
Potions
 b - a potion of ambrosia {unknown}
 c - a potion of heal wounds {unknown}
 e - a potion of resistance {unknown}


   Skills:
 + Level 2.2 Dodging
 + Level 1.6 Stealth
 + Level 4.1 Spellcasting


You couldn't memorise any spells.
You knew the following spells:

 Your Spells              Type           Power      Damage    Failure   Level
a - Freeze                Ice            72%        1d9       2%          1
b - Frozen Ramparts       Ice            36%        1d5       8%          3
c - Ozocubu's Armour      Ice            18%        N/A       8%          3
d - Hailstorm             Conj/Ice       18%        3d6       26%         4
e - Apportation           Tloc           36%        N/A       2%          1
Your spell library was empty.

Dungeon Overview and Level Annotations

Branches:
Dungeon (2/15)

Altars:


Innate Abilities, Weirdness & Mutations

You are immune to sickness and miasma.
You are immune to poison.
Your flesh is very heat resistant. (rF++)
You are vulnerable to cold. (rC-)
You float through the air rather than walking.
You learn spells naturally, not from books.
Your magical power is your life essence.
You have superior vitality. (+4 MHP)


Message History

The walls around you are covered in ice.
The wall freezes the quokka.
The wall freezes the quokka but does no damage.
The wall freezes the quokka.
The quokka closely misses you.
The wall freezes the quokka.
You kill the quokka!
You start resting.
The frozen ramparts melt away.
You start resting.
HP restored. 3 gnolls come into view.
The gnoll shouts!
Casting: Frozen Ramparts (quite dangerous; 9% risk of failure)
Confirm with . or Enter, or press ? or * to list all spells.
The spell is quite dangerous to miscast (9% risk of failure)!
Continue anyway?
Casting: Frozen Ramparts (quite dangerous; 9% risk of failure)
Press: ? - help, Dir - look around, f - activate The walls around you are covered in ice.
A gnoll comes into view. It is wielding a +0 flail.
The gnoll shouts!
The wall freezes the gnoll. x2
The gnoll hits you from afar with a +0 halberd!
Ouch! That really hurt!
* * * LOW HITPOINT WARNING * * *
The wall freezes the gnoll. x2; The gnoll closely misses you.
The wall freezes the gnoll. x2; The gnoll closely misses you.
The wall freezes the gnoll. x2
You kill the gnoll!
The frozen ramparts melt away.
Casting: Frozen Ramparts (quite dangerous; 8% risk of failure)
Confirm with . or Enter, or press ? or * to list all spells.
The spell is quite dangerous to miscast (8% risk of failure)!
Continue anyway?
Casting: Frozen Ramparts (quite dangerous; 8% risk of failure)
Press: ? - help, Dir - look around, f - activate You miscast Frozen Ramparts.
You are very lightly contaminated with residual magic.
Nothing appears to happen.
* * * LOW HITPOINT WARNING * * *
The gnoll hits you with a +0 club.
You die...

..##########.)...##.####
...#########.###.##.#
.............# #.##.#
...#########.###...>#
..## #.....##.# ###
#.#.####.# ##.#.## #.#
####.....###.#
.....#.#.@...#
####....g##### ##.#.##
...#g# #####.# #.g.#
#.### #g# #)#


You could see 2 gnolls.

Vanquished Creatures
  Jessica (D:2)
  A gnoll (D:2)
  An adder (D:2)
  A goblin (D:2)
  A quokka (D:2)
5 creatures vanquished.

Notes
Turn   | Place    | Note
-------+----------+-------------------------------------------
     0 | D:1      | 101zpm the Djinni Ice Elementalist began the quest for the
                  | Orb.
     0 | D:1      | Reached XP level 1. HP: 15/15 MP: 0/0
     7 | D:2      | Reached XP level 2. HP: 15/21 MP: 0/0
   148 | D:2      | Noticed Jessica
   156 | D:2      | Killed Jessica
   157 | D:2      | Reached skill level 4 in Spellcasting
   157 | D:2      | Reached XP level 3. HP: 5/25 MP: 0/0
   157 | D:2      | Learned a level 1 spell: Apportation
   527 | D:2      | Slain by a gnoll

Illustrated notes

Levels and vault maps discovered:
D:1:      dpeg_arrival_tiny_a, layout_basic, basic_ecumenical_altar,
          serial_bayou_pond_b
D:2:      layout_loops_ring, uniq_jessica, uniq_natasha

Skill      XL: |  1  2 |
---------------+-------+-----
Spellcasting   | 4 |  4.1
Dodging        | |  2.2
Stealth        | |  1.6

Action                   || total
-------------------------++-------
 Cast: Freeze            ||     6
       Frozen Ramparts   ||     2
Dodge: Dodged            ||     6
